[Event "Titled Tuesday Blitz November 14 Late 2023"]
[White "Sivanandan, Bodhana"]
[Black "Kochiev, Ivan"]
[WhiteFideId "497592"]
[BlackFideId "2917890"]
[WhiteElo "2212"]
[BlackElo "2497"]
[Result "0-1"]
[Round "9"]
[TimeControl "180+1"]
[Date "2023.11.14"]
[WhiteClock "0:01:43"]
[BlackClock "0:02:23"]
[Board "68"]

1. d4 Nf6 2. Nf3 e6 3. Bf4 c5 4. e3 d5 5. c3 Bd6 6. Bxd6 Qxd6 7. Nbd2 Nc6 8. Bd3 O-O 9. O-O e5 10. dxe5 Nxe5 11. Nxe5 Qxe5 12. Nf3 Qe6 13. h3 b6 14. Re1 Bb7 15. b4 h6 16. Rb1 Bc6 17. bxc5 bxc5 18. Bb5 Rab8 19. Bxc6 Qxc6 20. Qd3 Ne4 21. c4 Rxb1 22. Rxb1 Rd8 23. cxd5 Qxd5 24. Qxd5 Rxd5 25. Kf1 c4 26. Rb8+ Kh7 27. Rc8 Rd1+ 28. Ke2 Nc3# 0-1


[Site "https://www.chess.com"]

[Event "Titled Tuesday Blitz November 14 Late 2023"]
[White "Hajiyev, Kanan"]
[Black "Elbebiber"]
[WhiteFideId "13404148"]
[WhiteElo "2495"]
[BlackElo "2101"]
[Result "1-0"]
[Round "9"]
[TimeControl "180+1"]
[Date "2023.11.14"]
[WhiteClock "0:01:06"]
[BlackClock "0:00:17"]
[Board "69"]

1. d4 e6 2. Nf3 Nf6 3. c4 Bb4+ 4. Bd2 Qe7 5. Nc3 O-O 6. e3 c5 7. dxc5 Na6 8. a3 Bxc3 9. Bxc3 Nxc5 10. Be5 d5 11. Be2 Rd8 12. Qc2 a5 13. O-O a4 14. Nd4 Bd7 15. Bxf6 gxf6 16. cxd5 exd5 17. Rac1 Rac8 18. Bd3 Ne4 19. Qe2 Be6 20. Qh5 Rxc1 21. Rxc1 f5 22. Nxf5 Qf6 23. Bxe4 dxe4 24. Nd4 Bb3 25. Rc8 Rxc8 26. Qg4+ Kf8 27. Qxc8+ Kg7 28. Qg4+ Kh8 29. Qxe4 Qd6 30. Qe8+ Kg7 31. Nf5+ 1-0


[Site "https://www.chess.com"]

[Event "Titled Tuesday Blitz November 14 Late 2023"]
[White "Guerra Tulcan, Lenin"]
[Black "Kustar, Sandor"]
[WhiteFideId "3601382"]
[BlackFideId "702900"]
[WhiteElo "2584"]
[BlackElo "2433"]
[Result "1-0"]
[Round "9"]
[TimeControl "180+1"]
[Date "2023.11.14"]
[WhiteClock "0:00:07"]
[BlackClock "0:00:00"]
[Board "70"]

1. e4 c5 2. Nf3 e6 3. b4 cxb4 4. a3 d5 5. e5 Nc6 6. Bd3 Nge7 7. O-O Ng6 8. Re1 Bc5 9. Bb5 Bxf2+ 10. Kxf2 Qb6+ 11. d4 Qxb5 12. axb4 Nxb4 13. Kg1 Bd7 14. c3 Nd3 15. Na3 Qa6 16. Nc2 Qc4 17. Nd2 Qxc3 18. Ra3 Qc7 19. Rxd3 Rc8 20. Ne3 Bb5 21. Ra3 Nf4 22. Qg4 Ne2+ 23. Kf2 Nxc1 24. Qxg7 Rf8 25. Kg3 Kd7 26. Ng4 Nd3 27. Re3 Nb4 28. Nf3 Nc6 29. Rac3 Rce8 30. Nf6+ Kd8 31. Nxe8 Kxe8 32. Ng5 Qe7 33. Rf3 a5 34. Rf6 a4 35. Rcf3 Nd8 36. Nxh7 Bc4 37. Rh6 a3 38. Nxf8 a2 39. Rh8 a1=Q 40. Nxe6+ Kd7 41. Rxd8+ Qxd8 42. Nxd8 Qxd4 43. Rxf7+ 1-0


[Site "https://www.chess.com"]

[Event "Titled Tuesday Blitz November 14 Late 2023"]
[White "Sanchez Alvares, Kelvin Antonio"]
[Black "Polaczek, Richard"]
[WhiteFideId "3906680"]
[BlackFideId "200026"]
[WhiteElo "2557"]
[BlackElo "2432"]
[Result "1-0"]
[Round "9"]
[TimeControl "180+1"]
[Date "2023.11.14"]
[WhiteClock "0:00:18"]
[BlackClock "0:00:06"]
[Board "71"]

1. e4 Nf6 2. e5 Nd5 3. c4 Nb6 4. d4 d6 5. exd6 cxd6 6. Nc3 g6 7. Be3 Bg7 8. Be2 O-O 9. h3 Bf5 10. Nf3 Nc6 11. O-O d5 12. c5 Nc4 13. Bxc4 dxc4 14. d5 Nb4 15. Bd4 Bd3 16. Bxg7 Kxg7 17. Qa4 Nxd5 18. Rfd1 Nxc3 19. bxc3 Qc7 20. Qb4 Rfc8 21. Re1 e6 22. Re5 Qc6 23. Nd4 Qa6 24. a4 Re8 25. Rae1 Rac8 26. g4 b6 27. c6 Rc7 28. Qd6 Qc8 29. f4 Rd8 30. Qb4 Rxc6 31. Qe7 Rc7 32. Nxe6+ Qxe6 33. Qxc7 Qf6 34. f5 Qh4 35. R5e3 gxf5 36. gxf5 Bxf5 37. Rg3+ Bg6 38. Qe5+ Kg8 39. Ree3 Rd1+ 40. Kh2 Rd2+ 41. Rg2 Rxg2+ 42. Kxg2 Qh6 43. Qe8+ Kg7 44. Qe5+ Kg8 45. Qd4 Qg5+ 46. Kh2 Qf5 47. Re8# 1-0


[Site "https://www.chess.com"]

[Event "Titled Tuesday Blitz November 14 Late 2023"]
[White "Ferreira, Vitor Hugo Vieira"]
[Black "Estrada Nieto, Julian"]
[WhiteFideId "2119765"]
[BlackFideId "5101018"]
[WhiteElo "2508"]
[BlackElo "2429"]
[Result "0-1"]
[Round "9"]
[TimeControl "180+1"]
[Date "2023.11.14"]
[WhiteClock "0:00:00"]
[BlackClock "0:00:07"]
[Board "72"]

1. d4 d5 2. c3 Nf6 3. Bf4 c6 4. e3 Bf5 5. Nd2 Nbd7 6. h3 e6 7. Ngf3 Be7 8. Nh4 Be4 9. Nhf3 O-O 10. Nxe4 Nxe4 11. Bd3 f5 12. O-O Bf6 13. Qc2 Rc8 14. Rae1 c5 15. Bh2 a6 16. Qe2 b5 17. Nd2 c4 18. Bb1 Nb6 19. f3 Nxd2 20. Qxd2 Bh4 21. Re2 Bg5 22. Qe1 a5 23. e4 fxe4 24. fxe4 Rxf1+ 25. Kxf1 Qd7 26. Kg1 Rf8 27. exd5 exd5 28. Re6 Na4 29. Rd6 Qf7 30. Be5 Nxb2 31. Qg3 Qf1+ 32. Kh2 Bf4 33. Bxf4 Qxf4 34. Rxd5 Nd1 35. Rxb5 Nxc3 36. Rb7 Qxg3+ 37. Kxg3 Nxb1 38. Rxb1 Rd8 39. Rd1 Kf7 40. Kf4 Ke6 41. Ke4 Kd6 42. Rc1 Re8+ 43. Kf5 Kd5 44. Rb1 Rf8+ 45. Kg4 Kxd4 46. Rb7 Rf2 47. g3 Rxa2 48. Rxg7 c3 49. Rxh7 c2 50. Rd7+ Ke3 51. Re7+ Kd2 52. Rd7+ Ke2 53. Re7+ Kd1 54. Rd7+ Kc1 55. h4 Kb1 56. Rc7 c1=Q 57. Rxc1+ Kxc1 58. h5 Rh2 59. Kg5 a4 60. Kf6 a3 61. g4 a2 62. g5 a1=Q+ 63. Kf5 Qa5+ 64. Kf4 Rxh5 65. g6 Qg5+ 66. Ke4 Qxg6+ 0-1


[Site "https://www.chess.com"]

[Event "Titled Tuesday Blitz November 14 Late 2023"]
[White "Fernandez Bustamante, Leancy B."]
[Black "Erzhanov, Arman"]
[WhiteFideId "3523870"]
[BlackFideId "4138821"]
[WhiteElo "2380"]
[BlackElo "2497"]
[Result "0-1"]
[Round "9"]
[TimeControl "180+1"]
[Date "2023.11.14"]
[WhiteClock "0:00:00"]
[BlackClock "0:00:37"]
[Board "73"]

1. e4 d6 2. Nf3 Nf6 3. d4 Nxe4 4. Bd3 Nf6 5. O-O Bg4 6. h3 Bh5 7. c3 e6 8. Nbd2 Be7 9. Qb3 Qc8 10. Re1 O-O 11. Ng5 Kh8 12. Nde4 Nxe4 13. Bxe4 d5 14. Bxd5 Bxg5 15. Bxb7 Qd7 16. Bxg5 Nc6 17. Bxa8 Rxa8 18. Qc2 Bg6 19. Qe2 Rb8 20. Rad1 Qd5 21. Bf4 Qxa2 22. Bxc7 Rxb2 23. Qf3 Qc4 24. h4 h5 25. Be5 Rc2 26. Qf4 Kh7 27. g4 Rxc3 28. gxh5 Bf5 29. Re3 Rxe3 30. Qxe3 a5 31. Rc1 Qd5 32. Rc5 Qd7 33. Qg3 f6 34. Bf4 Nxd4 35. Qe3 e5 36. Bg3 a4 37. Ra5 Qb7 38. Rxa4 Nf3+ 39. Kf1 Qb5+ 40. Kg2 Qxa4 41. Kxf3 Qc6+ 42. Ke2 Bg4+ 43. Ke1 Qh1+ 44. Kd2 Qd1+ 45. Kc3 Bxh5 46. Qe4+ Bg6 47. Qe3 Qc2+ 48. Kb4 Qb2+ 49. Kc4 Bf7+ 50. Kd3 Qb3+ 51. Ke2 Bc4+ 52. Kf3 Qb7+ 53. Qe4+ Qxe4+ 54. Kxe4 Kg6 55. f3 Ba6 0-1


[Site "https://www.chess.com"]

[Event "Titled Tuesday Blitz November 14 Late 2023"]
[White "Przybylski, Wojciech"]
[Black "Cardozo Munar, Carlos Eduardo"]
[WhiteFideId "1117599"]
[BlackFideId "4409477"]
[WhiteElo "2494"]
[BlackElo "2292"]
[Result "1-0"]
[Round "9"]
[TimeControl "180+1"]
[Date "2023.11.14"]
[WhiteClock "0:01:03"]
[BlackClock "0:00:05"]
[Board "74"]

1. e4 e6 2. d4 d5 3. Nc3 Nf6 4. e5 Nfd7 5. f4 c5 6. Nf3 Nc6 7. Be3 Qb6 8. Qd2 Qxb2 9. Rb1 Qa3 10. Be2 a6 11. O-O cxd4 12. Nxd4 Nxd4 13. Bxd4 Bc5 14. Kh1 Bxd4 15. Qxd4 Qc5 16. Qd3 b5 17. Qg3 g6 18. h3 Bb7 19. Rb3 Rc8 20. Bd3 Qd4 21. Ne2 Qc5 22. a4 b4 23. Ng1 Qe7 24. Nf3 Nc5 25. Rxb4 Nxd3 26. Rxb7 Qxb7 27. cxd3 Qb4 28. Qg5 h6 29. Qf6 O-O 30. f5 exf5 31. e6 Kh7 32. Ne5 Rc6 33. Nxc6 fxe6 34. Qxe6 Qc5 35. Ne5 Rg8 36. Nd7 Qc8 37. Nf6+ Kg7 38. Qe7+ Kh8 39. Qh7# 1-0


[Site "https://www.chess.com"]

[Event "Titled Tuesday Blitz November 14 Late 2023"]
[White "Reprintsev, Alexander"]
[Black "Laskakis, Konstantinos"]
[WhiteFideId "14100541"]
[BlackFideId "42134374"]
[WhiteElo "2488"]
[BlackElo "2354"]
[Result "0-1"]
[Round "9"]
[TimeControl "180+1"]
[Date "2023.11.14"]
[WhiteClock "0:00:00"]
[BlackClock "0:00:12"]
[Board "75"]

1. e4 e5 2. Nf3 Nc6 3. Bc4 Nf6 4. Ng5 d5 5. exd5 Na5 6. Bb5+ c6 7. dxc6 bxc6 8. Bd3 Nd5 9. h4 h6 10. Qh5 Qf6 11. Ne4 Qe6 12. b3 Nf4 13. Qf3 f5 14. Ng3 e4 15. Qxf4 exd3+ 16. Qe3 dxc2 17. Nc3 Bc5 18. Qxe6+ Bxe6 19. Bb2 O-O-O 20. Rc1 Nxb3 21. axb3 Bxb3 22. Nxf5 Rhe8+ 23. Ne3 Rd4 24. Ne2 Ra4 25. Nxc2 Ra2 26. Ne3 Bxe3 27. fxe3 Rxb2 28. Nc3 a5 29. Rf1 Re7 30. Rf5 a4 31. Ra5 Rd7 32. Nxa4 Rbxd2 33. Rxc6+ Kb7 34. Rb6+ Kc7 35. Rxb3 Rxg2 0-1


[Site "https://www.chess.com"]

[Event "Titled Tuesday Blitz November 14 Late 2023"]
[White "Rodriguez Dominguez, Melissa"]
[Black "Wanyama, Harold"]
[WhiteFideId "3517560"]
[BlackFideId "10000380"]
[WhiteElo "2245"]
[BlackElo "2441"]
[Result "0-1"]
[Round "9"]
[TimeControl "180+1"]
[Date "2023.11.14"]
[WhiteClock "0:00:00"]
[BlackClock "0:01:18"]
[Board "76"]

1. e4 c5 2. Nf3 e6 3. d4 cxd4 4. Nxd4 Nc6 5. Nc3 Qc7 6. Be2 Nf6 7. O-O a6 8. Be3 b5 9. a3 Bb7 10. f3 Be7 11. Qd2 O-O 12. Kh1 Ne5 13. g4 h6 14. Rg1 d5 15. f4 Nc4 16. Bxc4 dxc4 17. Rg3 Nxe4 18. Nxe4 Bxe4+ 19. Kg1 Rfd8 20. Qe2 Bb7 21. g5 hxg5 22. fxg5 Bc5 23. c3 Qe5 24. Qh5 g6 25. Qh4 Rd7 26. Rh3 Qg7 27. Rf1 Rad8 28. Kf2 e5 29. Ne2 Bxe3+ 30. Rxe3 Rd2 31. h3 Rxb2 32. Rg1 Rdd2 33. Rg4 e4 34. Rgxe4 Bxe4 35. Qxe4 Qf8 36. Qb7 Qd8 37. Qc6 Qxg5 38. Re8+ Kg7 0-1


[Site "https://www.chess.com"]

[Event "Titled Tuesday Blitz November 14 Late 2023"]
[White "Lock, Gavin R"]
[Black "The_Straightforward_Rook"]
[WhiteFideId "408646"]
[WhiteElo "2267"]
[BlackElo "2539"]
[Result "0-1"]
[Round "9"]
[TimeControl "180+1"]
[Date "2023.11.14"]
[WhiteClock "0:00:00"]
[BlackClock "0:00:44"]
[Board "77"]

1. e4 c6 2. d4 d5 3. exd5 cxd5 4. Bd3 Nc6 5. c3 g6 6. h3 Nh6 7. Nf3 Bf5 8. O-O Bxd3 9. Qxd3 Nf5 10. Bf4 Bg7 11. Nbd2 O-O 12. Rfe1 e6 13. a4 Rc8 14. g3 Qb6 15. Qb5 Na5 16. h4 Nc4 17. Nxc4 Rxc4 18. Qxb6 axb6 19. a5 b5 20. Nd2 Rc6 21. Nb3 Ra8 22. Nc5 b4 23. Ra4 bxc3 24. bxc3 Ra7 25. Rb1 e5 26. Be3 exd4 27. cxd4 Nd6 28. Kg2 h5 29. Bf4 Bxd4 30. Bxd6 Bxc5 31. Bxc5 Rxc5 32. Rab4 Raxa5 33. Rxb7 Rc2 34. R1b2 Rxb2 35. Rxb2 Kg7 36. Kf3 Kf6 37. Rb7 Ra3+ 38. Ke2 Ke6 39. Rc7 Rb3 40. Ra7 f6 41. Rg7 Kf5 42. Re7 Rb4 43. Ke3 Re4+ 44. Rxe4 dxe4 45. f3 exf3 46. Kxf3 Ke5 47. Ke3 Kd5 48. Kf4 Kd4 49. g4 hxg4 50. Kxg4 Ke4 51. Kg3 f5 0-1


[Site "https://www.chess.com"]

[Event "Titled Tuesday Blitz November 14 Late 2023"]
[White "Pinheiro, Iung Alicio de O."]
[Black "Mushini Ajay"]
[WhiteFideId "2104350"]
[BlackFideId "35066188"]
[WhiteElo "2533"]
[BlackElo "2388"]
[Result "0-1"]
[Round "9"]
[TimeControl "180+1"]
[Date "2023.11.14"]
[WhiteClock "0:00:00"]
[BlackClock "0:00:25"]
[Board "78"]

1. Nf3 c5 2. b3 d5 3. e3 Nc6 4. Bb5 Qb6 5. a4 a6 6. a5 Qc7 7. Bxc6+ Qxc6 8. Bb2 Nf6 9. Ne5 Qc7 10. O-O g6 11. d3 Bg7 12. Ra2 h5 13. h3 Ng4 14. Nf3 Bxb2 15. Rxb2 Qd8 16. Nbd2 Qd6 17. Re1 Nf6 18. e4 dxe4 19. Nxe4 Nxe4 20. Rxe4 O-O 21. Qe2 Be6 22. Rb1 Bd5 23. Re3 Bxf3 24. Qxf3 Rab8 25. Rbe1 e6 26. Qe2 Qc7 27. Qd2 Qf4 28. Qc3 Qd4 29. Qd2 Rfd8 30. Re4 Qf6 31. Qe3 Rd4 32. Re5 Rc8 33. g3 Rd5 34. Re4 Qd8 35. h4 Qxa5 36. Rxe6 fxe6 37. Qxe6+ Kg7 38. Qe7+ Kg8 39. Qe6+ Kg7 40. Qe7+ Kg8 41. Re6 Qa1+ 42. Kg2 Qg7 0-1


[Site "https://www.chess.com"]

[Event "Titled Tuesday Blitz November 14 Late 2023"]
[White "RodokininEV"]
[Black "Balla, Tamas-Kristof"]
[BlackFideId "1208497"]
[WhiteElo "2497"]
[BlackElo "2379"]
[Result "0-1"]
[Round "9"]
[TimeControl "180+1"]
[Date "2023.11.14"]
[WhiteClock "0:00:00"]
[BlackClock "0:01:01"]
[Board "79"]

1. d4 d5 2. c4 e6 3. Nc3 c5 4. cxd5 exd5 5. e3 Nc6 6. Nf3 Nf6 7. Bb5 Bd6 8. O-O O-O 9. dxc5 Bxc5 10. Bxc6 bxc6 11. b3 Bg4 12. Bb2 Bd6 13. Rc1 Qe7 14. h3 Bh5 15. Qd4 Bxf3 16. gxf3 Nd7 17. Nxd5 Qg5+ 18. Kh1 Be5 19. Qd2 Bxb2 20. Qxb2 Qxd5 21. Rg1 Qxf3+ 22. Rg2 Nf6 23. Rc4 Kh8 24. Rf4 Qd1+ 25. Kh2 Qd6 26. Rg3 Rfe8 27. Kg1 Rad8 28. h4 h6 29. Kg2 Qd2 30. Qa3 Qd5+ 31. Kg1 Nh5 32. Rd4 Qf5 33. Rgg4 Nf6 34. Rxd8 Rxd8 35. Rf4 Qh3 36. Qc1 Ng4 0-1


[Site "https://www.chess.com"]

[Event "Titled Tuesday Blitz November 14 Late 2023"]
[White "Ponce Cano, Adrian"]
[Black "Ramadoss, Ashokkumar"]
[WhiteFideId "22296913"]
[BlackFideId "5040990"]
[WhiteElo "2467"]
[BlackElo "2339"]
[Result "1-0"]
[Round "9"]
[TimeControl "180+1"]
[Date "2023.11.14"]
[WhiteClock "0:02:27"]
[BlackClock "0:02:07"]
[Board "80"]

1. d4 Nf6 2. Nc3 d5 3. Qd3 g6 4. f3 c6 5. Bg5 Bg7 6. O-O-O b5 7. e4 a6 8. e5 Ng8 9. Kb1 Bf5 10. Qe3 Nd7 11. g4 Nxe5 12. dxe5 1-0


[Site "https://www.chess.com"]

[Event "Titled Tuesday Blitz November 14 Late 2023"]
[White "Huda, Maryana"]
[Black "Martin Barcelo, Carles"]
[WhiteFideId "14116553"]
[BlackFideId "24561444"]
[WhiteElo "2343"]
[BlackElo "2451"]
[Result "0-1"]
[Round "9"]
[TimeControl "180+1"]
[Date "2023.11.14"]
[WhiteClock "0:00:00"]
[BlackClock "0:02:18"]
[Board "81"]

1. d4 f5 2. c4 Nf6 3. Nc3 e6 4. e3 Bb4 5. Bd3 Bxc3+ 6. bxc3 O-O 7. f4 b6 8. Nf3 Bb7 9. O-O d6 10. Bd2 Nbd7 11. a4 a5 12. Rb1 Be4 13. Bxe4 Nxe4 14. Qc2 Qe8 15. Be1 Qh5 16. Qd3 Rf6 17. Nd2 Nxd2 18. Qxd2 Rh6 19. Bg3 Nf6 20. Qf2 Ne4 21. Qf3 Qxf3 22. gxf3 Nd2 23. Rb5 Nxf1 24. Kxf1 Rf6 25. c5 dxc5 26. dxc5 Rb8 27. Ke2 Rf7 28. e4 Rd7 29. Bf2 Kf7 30. cxb6 cxb6 31. Bxb6 Rdb7 32. Bxa5 Rxb5 33. axb5 Rxb5 34. Bb4 Ke8 35. Kd3 Kd7 36. Kc4 Kc6 37. Kb3 fxe4 38. fxe4 Rh5 39. Be7 Rxh2 40. f5 exf5 41. exf5 Rf2 42. f6 gxf6 0-1


[Site "https://www.chess.com"]

[Event "Titled Tuesday Blitz November 14 Late 2023"]
[White "ExchangeAB"]
[Black "Eggleston, Thomas A"]
[BlackFideId "412139"]
[WhiteElo "2434"]
[BlackElo "2335"]
[Result "1-0"]
[Round "9"]
[TimeControl "180+1"]
[Date "2023.11.14"]
[WhiteClock "0:00:08"]
[BlackClock "0:00:00"]
[Board "82"]

1. Nf3 e6 2. b3 f5 3. Bb2 Nf6 4. d3 d5 5. Nbd2 c5 6. g3 Nc6 7. Bg2 Bd6 8. O-O e5 9. e4 fxe4 10. dxe4 d4 11. Nc4 Bc7 12. a4 O-O 13. Qe2 Kh8 14. h3 b6 15. Ne1 a6 16. Nd3 Rb8 17. f4 exf4 18. gxf4 b5 19. axb5 axb5 20. Nd2 Be6 21. f5 Bg8 22. e5 Re8 23. Nf3 Nd5 24. Nxc5 Nf4 25. Qe4 Nxg2 26. Kxg2 Bd5 27. Qg4 Nxe5 28. Qh5 Nxf3 29. Rxf3 Bxf3+ 30. Qxf3 Qg5+ 31. Kh1 Qd2 32. Qg2 Qxg2+ 33. Kxg2 Re2+ 34. Kf3 Re3+ 35. Kf2 Rxh3 36. Bxd4 Bb6 37. b4 Rh2+ 38. Kf3 Rxc2 39. Rg1 Bxc5 40. bxc5 Rb7 41. Ke4 Kg8 42. Kd5 b4 43. c6 Rb5+ 44. Kd6 Kf7 45. Rxg7+ Ke8 46. c7 1-0


[Site "https://www.chess.com"]

[Event "Titled Tuesday Blitz November 14 Late 2023"]
[White "Weisz, Bryan"]
[Black "rikchessmx"]
[WhiteFideId "30934133"]
[WhiteElo "2423"]
[BlackElo "2326"]
[Result "0-1"]
[Round "9"]
[TimeControl "180+1"]
[Date "2023.11.14"]
[WhiteClock "0:00:07"]
[BlackClock "0:00:45"]
[Board "83"]

1. c3 e5 2. e4 Nc6 3. d4 Nf6 4. f4 Nxe4 5. fxe5 Qh4+ 6. g3 Nxg3 7. Nf3 Qe4+ 8. Kf2 Nxh1+ 9. Kg1 d6 10. Kxh1 dxe5 11. Bd3 Qd5 12. Kg1 e4 13. Qe1 f5 14. Nfd2 Be6 15. Bc4 Qd7 16. Na3 Bxa3 17. bxa3 O-O 18. Rb1 Bxc4 19. Nxc4 b6 20. Bf4 Rac8 21. Qg3 Rf7 22. Rd1 Qd5 23. Ne3 Qxa2 24. d5 Na5 25. Be5 Nc4 26. Nxf5 Nxe5 27. Qxe5 Rcf8 28. Rf1 Kh8 29. Rf2 Qb1+ 30. Kg2 e3 31. Rf1 Qxf1+ 32. Kxf1 Rxf5+ 0-1


[Site "https://www.chess.com"]

[Event "Titled Tuesday Blitz November 14 Late 2023"]
[White "Bazzano, Sebastian"]
[Black "Mazurkiewicz, Michal"]
[WhiteFideId "104566"]
[BlackFideId "1124943"]
[WhiteElo "2304"]
[BlackElo "2419"]
[Result "0-1"]
[Round "9"]
[TimeControl "180+1"]
[Date "2023.11.14"]
[WhiteClock "0:00:00"]
[BlackClock "0:00:24"]
[Board "84"]

1. d4 Nf6 2. Bf4 g6 3. Nc3 d5 4. e3 Bg7 5. h4 h6 6. Nf3 c6 7. Ne5 Qb6 8. Rb1 Nbd7 9. Bd3 Nh5 10. Nxg6 Nxf4 11. Nxf4 e5 12. Qg4 Bf8 13. dxe5 Nxe5 14. Qe2 Bg4 15. f3 Bd7 16. e4 d4 17. Nd1 O-O-O 18. Nf2 Bd6 19. Nh5 Bb4+ 20. Kf1 Be7 21. Ng4 Bxg4 22. fxg4 Rhg8 23. Nf4 Nxg4 24. Rh3 Ne3+ 25. Rxe3 dxe3 26. Re1 Bxh4 0-1


[Site "https://www.chess.com"]

[Event "Titled Tuesday Blitz November 14 Late 2023"]
[White "Aarakan, J"]
[Black "Buchenau, Frank"]
[WhiteFideId "9946276"]
[BlackFideId "4604350"]
[WhiteElo "2239"]
[BlackElo "2409"]
[Result "1-0"]
[Round "9"]
[TimeControl "180+1"]
[Date "2023.11.14"]
[WhiteClock "0:01:34"]
[BlackClock "0:00:00"]
[Board "85"]

1. e4 e6 2. d4 d5 3. e5 c5 4. c3 Qb6 5. Nf3 Bd7 6. a3 Bb5 7. Bd3 Bxd3 8. Qxd3 Qa6 9. Qxa6 Nxa6 10. b4 cxd4 11. cxd4 Nb8 12. Nc3 Nc6 13. Nb5 Rc8 14. Bb2 a6 15. Nc3 Nge7 16. O-O Nf5 17. Rfd1 Be7 18. Na4 f6 19. Rac1 Kf7 20. g4 Nh6 21. h3 fxe5 22. dxe5 Rhf8 23. Kg2 Kg8 24. Nc5 Bxc5 25. Rxc5 Nf7 26. Rdc1 Rce8 27. b5 axb5 28. Rxb5 Nfd8 29. a4 Rf4 30. a5 Ref8 31. Rc3 Ra4 32. Ra3 Rxa3 33. Bxa3 Rf4 34. Bc5 Ra4 35. Bb6 Nf7 36. Rc5 Nfxe5 37. Nxe5 Nxe5 38. Rc8+ Kf7 39. Rc7+ Kg6 40. Rxb7 Rb4 41. a6 Nc6 42. h4 h5 43. gxh5+ Kxh5 44. Be3 1-0


[Site "https://www.chess.com"]

[Event "Titled Tuesday Blitz November 14 Late 2023"]
[White "Floresvillar Gonzalez, Luis Migu"]
[Black "Su, Dion"]
[WhiteFideId "5100542"]
[BlackFideId "2029731"]
[WhiteElo "2215"]
[BlackElo "2399"]
[Result "0-1"]
[Round "9"]
[TimeControl "180+1"]
[Date "2023.11.14"]
[WhiteClock "0:00:00"]
[BlackClock "0:00:13"]
[Board "86"]

1. d4 Nf6 2. c3 c5 3. Bg5 cxd4 4. Bxf6 gxf6 5. Qxd4 Nc6 6. Qd3 Qb6 7. Qd2 Bh6 8. e3 d6 9. Na3 Be6 10. Nc4 Qc5 11. b4 Qh5 12. Be2 Qg6 13. g3 Qe4 14. f3 Qg6 15. Bd3 f5 16. Ne2 Rc8 17. Na5 Ne5 18. O-O b6 19. Nb3 Nxd3 20. Qxd3 Bc4 21. Qd2 O-O 22. Rfe1 Qh5 23. Kg2 Bg7 24. Rac1 Rfd8 25. Nf4 Qh6 26. Nd4 e6 27. h4 Kh8 28. Nde2 Be5 29. Nd4 Rg8 30. Rh1 Rg7 31. Rcg1 Rcg8 32. Kf2 Bf6 33. Nde2 Bxe2 34. Nxe2 d5 35. Nf4 Be5 36. Qe2 Bd6 37. Rg2 Be5 38. Rhg1 Bxc3 0-1


[Site "https://www.chess.com"]

[Event "Titled Tuesday Blitz November 14 Late 2023"]
[White "Hoffmann, Asa"]
[Black "Figorito, Nick"]
[WhiteFideId "2001470"]
[BlackFideId "30923689"]
[WhiteElo "2392"]
[BlackElo "2397"]
[Result "0-1"]
[Round "9"]
[TimeControl "180+1"]
[Date "2023.11.14"]
[WhiteClock "0:00:48"]
[BlackClock "0:00:45"]
[Board "87"]

1. d4 Nf6 2. Bg5 d5 3. Nd2 e6 4. e3 Be7 5. Bd3 Nbd7 6. f4 c5 7. c3 Qb6 8. Rb1 a5 9. Ngf3 Qc7 10. O-O g6 11. Ne5 h5 12. Qe1 Ng4 13. Bxe7 Kxe7 14. Nxg4 hxg4 15. Qg3 f5 16. h3 Nf6 17. Kf2 Bd7 18. Rh1 Qb6 19. b3 cxd4 20. exd4 Qc7 21. Rbc1 a4 22. Be2 axb3 23. axb3 Ra2 24. hxg4 Rxh1 25. Rxh1 Rxd2 26. Qh4 Qxf4+ 27. Ke1 Rb2 0-1


[Site "https://www.chess.com"]

[Event "Titled Tuesday Blitz November 14 Late 2023"]
[White "Bogaudinov, Rushan"]
[Black "Michalski, Olaf"]
[WhiteFideId "4129288"]
[BlackFideId "1106740"]
[WhiteElo "2396"]
[BlackElo "2183"]
[Result "1-0"]
[Round "9"]
[TimeControl "180+1"]
[Date "2023.11.14"]
[WhiteClock "0:00:05"]
[BlackClock "0:00:00"]
[Board "88"]

1. d4 d6 2. e3 Nd7 3. Nf3 e5 4. Be2 Ngf6 5. dxe5 dxe5 6. O-O Bc5 7. Nc3 c6 8. e4 O-O 9. h3 h6 10. a3 a5 11. Bd3 a4 12. Qe2 Qb6 13. Nh4 Re8 14. Nf5 Nf8 15. Ne3 Ne6 16. Ng4 Nxg4 17. hxg4 Nf4 18. Qd1 Nxd3 19. cxd3 Be6 20. Qf3 f6 21. Rb1 Red8 22. Kh2 Bb3 23. Be3 Bxe3 24. fxe3 Rxd3 25. Rbe1 Rad8 26. Kg3 Rd2 27. Rf2 R8d3 28. Rxd2 Rxd2 29. Re2 Rd3 30. Qf2 Qd8 31. Kh2 Qd7 32. Qf5 Qxf5 33. exf5 Kf7 34. Kg3 Ke7 35. Kf2 1-0


[Site "https://www.chess.com"]

[Event "Titled Tuesday Blitz November 14 Late 2023"]
[White "Marchesich, Giovanni"]
[Black "Curtis, John"]
[WhiteFideId "2824790"]
[BlackFideId "3200256"]
[WhiteElo "2394"]
[BlackElo "2181"]
[Result "1-0"]
[Round "9"]
[TimeControl "180+1"]
[Date "2023.11.14"]
[WhiteClock "0:00:24"]
[BlackClock "0:00:00"]
[Board "89"]

1. g3 g6 2. Bg2 Bg7 3. d4 d6 4. e4 Nc6 5. Ne2 e5 6. c3 Nge7 7. O-O O-O 8. Be3 f5 9. d5 Nb8 10. Nd2 Nd7 11. f4 exf4 12. Nxf4 Ne5 13. Bd4 c5 14. dxc6 bxc6 15. Qb3+ Kh8 16. Ne6 Bxe6 17. Qxe6 Rb8 18. b4 a5 19. a3 Rf6 20. Qa2 Qc7 21. Rae1 c5 22. bxc5 dxc5 23. Bxe5 Qxe5 24. exf5 Qxc3 25. Rxe7 Rb2 26. Re8+ Bf8 27. Qd5 Rxd2 28. Qa8 Qd4+ 29. Kh1 Qd6 30. Qe4 1-0


[Site "https://www.chess.com"]

[Event "Titled Tuesday Blitz November 14 Late 2023"]
[White "Novikova, Margarita"]
[Black "tandercat"]
[WhiteFideId "14109689"]
[WhiteElo "2184"]
[BlackElo "2058"]
[Result "1-0"]
[Round "9"]
[TimeControl "180+1"]
[Date "2023.11.14"]
[WhiteClock "0:00:33"]
[BlackClock "0:00:00"]
[Board "90"]

1. e4 c5 2. Nc3 Nc6 3. d3 g6 4. Be3 d6 5. Qd2 Bg7 6. g3 a6 7. Bg2 h6 8. Nge2 Nf6 9. h3 Bd7 10. Nd1 b5 11. c3 e5 12. O-O Be6 13. d4 cxd4 14. cxd4 Bd7 15. d5 Na5 16. b3 Nb7 17. f4 Qc8 18. Rc1 Qd8 19. fxe5 dxe5 20. Nb2 Nd6 21. Qd3 Rc8 22. Bc5 Rxc5 23. Rxc5 Qb6 24. b4 Nb7 25. Rc1 O-O 26. Kh2 a5 27. a3 Nxc5 28. bxc5 Qa6 29. c6 Bc8 30. Na4 bxa4 31. Qd2 Ne8 32. Bf1 Nd6 33. Nc3 Qb6 34. Nxa4 Qb3 35. Nc5 Qxa3 36. Rb1 Kh7 37. Rb8 Qxc5 38. Ra8 Nxe4 39. Qe1 Qxd5 40. Bg2 Bf5 41. Rxf8 Bxf8 42. c7 1-0


[Site "https://www.chess.com"]

[Event "Titled Tuesday Blitz November 14 Late 2023"]
[White "topce"]
[Black "Winkels, Marcel"]
[BlackFideId "1003887"]
[WhiteElo "2488"]
[BlackElo "2099"]
[Result "0-1"]
[Round "9"]
[TimeControl "180+1"]
[Date "2023.11.14"]
[WhiteClock "0:01:04"]
[BlackClock "0:00:16"]
[Board "91"]

1. c4 e5 2. Nc3 Bb4 3. Nd5 Be7 4. Nxe7 Nxe7 5. b3 O-O 6. Bb2 d6 7. d4 Nbc6 8. dxe5 dxe5 9. Qxd8 Rxd8 10. Nf3 f6 11. Rd1 Bf5 12. Ba3 a5 13. Rxd8+ Rxd8 14. e3 Nb4 15. Bxb4 axb4 16. c5 Ra8 17. Bc4+ Kf8 18. O-O Rxa2 19. Rd1 Ke8 20. h3 Rb2 21. Ra1 Rb1+ 22. Rxb1 Bxb1 23. Nd2 Bf5 24. e4 Bd7 25. f3 Nc6 26. Kf2 Nd4 27. Ke3 Ke7 28. Bg8 h6 29. Kd3 Be6 30. Bxe6 Kxe6 31. Kc4 Nc2 32. Kd3 Nd4 33. Kc4 Nc6 34. Kb5 g6 35. Nc4 f5 36. Na5 fxe4 37. fxe4 Nd4+ 38. Kxb4 Ne2 39. Nxb7 Ng3 40. Kb5 Kd7 41. c6+ Ke7 42. Nc5 Nf1 43. g4 Kd6 44. Nb7+ Ke7 45. Kc5 Ke6 46. b4 Ng3 47. Nd8+ Ke7 48. Kd5 Kxd8 49. Kxe5 Ke7 50. b5 Ne2 51. h4 Nc3 52. b6 cxb6 53. h5 gxh5 54. gxh5 b5 55. c7 Kd7 56. Kf5 b4 57. e5 Kxc7 58. e6 b3 59. Kf6 b2 60. Kf7 Nd5 61. e7 Nxe7 62. Kxe7 b1=Q 63. Kf7 Qf5+ 64. Kg7 Qxh5 65. Kh7 Qg5 66. Kh8 h5 67. Kh7 h4 68. Kh8 h3 69. Kh7 h2 70. Kh8 h1=Q# 0-1


[Site "https://www.chess.com"]